 Dungeon Crawl Stone Soup version 0.31-a0-614-gc85dc1c48c (webtiles) character file.

Game seed: 5150721132356529969

31769 AdnanSaban the Protected (level 13, -1/82 HPs)
             Began as a Gargoyle Fighter on Aug 22, 2023.
             Was the Champion of Okawaru.
             Killed from afar by an oklob plant (16 damage)
             ... with a splash of acid
             ... on level 3 of the Lair of Beasts.
             The game lasted 00:25:23 (20044 turns).

AdnanSaban the Protected (Gargoyle Fighter)        Turns: 20044, Time: 00:25:24

Health: -1/82      AC: 17    Str: 24    XL:     13   Next: 60%
Magic:  18/18      EV:  8    Int: 10    God:    Okawaru [******]
Gold:   899        SH:  6    Dex: 12    Spells: 12/12 levels left

rFire   + . .        l - +2 whip (venom)
rCold   . . .        c - +0 buckler
rNeg    + . .        T - +3 plate armour of Xizakur {Dex+3}
rPois   ∞            P - +2 hat {Will+}
rElec   +            J - +2 cloak {Stlth+}
rCorr   .            s - +0 pair of gloves
SInv    +            O - +0 pair of boots
Will    +....        (no amulet) Stlth
                     j - ring of protection from fire
HPRegen 0.33/turn    w - ring of see invisible
MPRegen 0.16/turn

%: no passive effects
@: corroded
A: sickness immunity, AC +9, negative energy resistance 1, electricity
resistance, torment resistance 1, petrification resistance
a: Renounce Religion, Heroism, Finesse, Duel


You were on level 3 of the Lair of Beasts.
You worshipped Okawaru.
Okawaru was exalted by your worship.
You visited 3 branches of the dungeon, and saw 16 of its levels.
You also visited: Ossuary.

You collected 899 gold pieces.

Inventory:

Hand Weapons
 l - a +2 whip of venom (weapon)
Missiles
 a - 14 javelins
 b - 48 poisoned darts (quivered)
 u - 5 boomerangs
 L - 6 atropa-tipped darts
 N - a throwing net
 S - 2 silver javelins
Armour
 c - a +0 buckler (worn)
 s - a +0 pair of gloves (worn)
 C - a +2 kite shield of cold resistance
 J - a +2 cloak of stealth (worn)
 O - a +0 pair of boots (worn)
 P - a +2 hat of willpower (worn)
 T - the +3 plate armour of Xizakur (worn) {Dex+3}
   (Okawaru gifted it to you on level 3 of the Lair of Beasts)

   Dex+3:     It affects your dexterity (+3).
Jewellery
 j - a ring of protection from fire (left hand)
 w - a ring of see invisible (right hand)
Wands
 y - a wand of flame (46)
Scrolls
 e - 2 scrolls of noise {unknown}
 f - a scroll of vulnerability {unknown}
 g - 9 scrolls of teleportation {unknown}
 m - 12 scrolls of identify {unknown}
 p - 3 scrolls of immolation {unknown}
 q - 3 scrolls of poison {unknown}
 t - 4 scrolls of revelation {unknown}
 z - 4 scrolls of amnesia {unknown}
 A - 4 scrolls of enchant weapon {unknown}
 D - 2 scrolls of blinking {unknown}
 H - 3 scrolls of enchant armour {unknown}
 I - 3 scrolls of fear {unknown}
 K - a scroll of fog {unknown}
 M - a scroll of acquirement {unknown}
 R - a scroll of summoning {unknown}
Potions
 d - 3 potions of might
 h - 2 potions of berserk rage {unknown}
 i - 3 potions of cancellation {unknown}
 k - 2 potions of curing {unknown}
 n - 6 potions of heal wounds {unknown}
 o - a potion of mutation {unknown}
 r - a potion of degeneration {unknown}
 v - a potion of ambrosia {unknown}
 x - 2 potions of lignification {unknown}
 B - a potion of brilliance {unknown}
 E - 2 potions of enlightenment {unknown}
 F - 3 potions of haste {unknown}
 G - 2 potions of attraction {unknown}
 Q - 3 potions of invisibility {unknown}


   Skills:
 + Level 9.8 Fighting
 + Level 12.6 Maces & Flails
 + Level 4.9 Throwing
 + Level 13.7 Armour
 + Level 2.5 Dodging
 + Level 1.7 Stealth
 + Level 9.1 Shields
 * Level 7.9 Invocations


You had 12 spell levels left.
You didn't know any spells.
Your spell library contained the following spells:

 Spells                   Type           Power      Damage    Failure   Level
 Shock                    Conj/Air       0%         1d3       98%         1
 Lesser Beckoning         Tloc           0%         N/A       99%         2
 Poisonous Vapours        Pois/Air       0%         N/A       99%         2
 Gell's Gravitas          Tloc           0%         N/A       100%        3
 Inner Flame              Hex/Fire       0%         N/A       100%        3
 Mephitic Cloud           Conj/Pois/Air  0%         N/A       100%        3
 Stone Arrow              Conj/Erth      0%         3d7       100%        3
 Swiftness                Air            0%         N/A       100%        3
 Teleport Other           Tloc           0%         N/A       100%        3
 Vhi's Electric Charge    Tloc/Air       0%         N/A       100%        3
 Airstrike                Air            0%         2d(0-16)  100%        4
 Flame Wave               Conj/Fire      0%         2d4       100%        4
 Olgreb's Toxic Radiance  Pois           0%         N/A       100%        4
 Passage of Golubria      Tloc           0%         N/A       100%        4
 Sticky Flame             Conj/Fire      0%         2d3       100%        4
 Arcjolt                  Conj/Air       0%         1d10      100%        5
 Freezing Cloud           Conj/Ice/Air   0%         6-21      100%        5
 Yara's Violent Unravell  Hex/Tmut       0%         3d3       100%        5
 Orb of Destruction       Conj           0%         9d5       100%        7
 Discord                  Hex            0%         N/A       100%        8
 Ignition                 Fire           0%         3d3       100%        8
 Lehudib's Crystal Spear  Conj/Erth      0%         10d2      100%        8
 Maxwell's Capacitive Co  Air            0%         ∞         100%        8
 Summon Small Mammal      Summ           Unusable   N/A       N/A         1
 Call Canine Familiar     Summ           Unusable   N/A       N/A         3
 Summon Guardian Golem    Hex/Summ       Unusable   N/A       N/A         3
 Tukima's Dance           Hex            Unusable   N/A       N/A         3
 Animate Armour           Summ/Erth      Unusable   N/A       N/A         4
 Spellforged Servitor     Conj/Summ      Unusable   N/A       N/A         7

Dungeon Overview and Level Annotations

Branches:
Dungeon (12/15)            Temple (1/1) D:5            Lair (3/5) D:8
 Spider (0/4) Lair:2          Orc (0/2) D:12        Ossuary (visited)
  Swamp: Lair:2-3    Shoals: Lair:2-3

Altars:
Ashenzari
Cheibriados
Dithmenos
Elyvilon
Fedhas
Gozag
Hepliaklqana
Kikubaaqudgha
Makhleb
Nemelex Xobeh
Okawaru
Qazlal
Ru
Sif Muna
Trog
Uskayaw
Vehumet
Wu Jian
Xom
Yredelemnul
Zin
The Shining One

Shops:
D:1 (   D:6 *   D:7 :

Annotations:
D:10 1 runed translucent door
Lair:3 exclusion: 4 oklob plants


Innate Abilities, Weirdness & Mutations

You are immune to sickness and miasma.
Your stone body is resilient. (AC +9)
You are immune to poison.
You resist negative energy. (rN+)
You are resistant to electric shocks. (rElec)
You are resistant to unholy torment.
You are immune to petrification.


Message History

The splash of acid hits you! The oklob plant spits acid at you.
The splash of acid hits you!! The acid corrodes you!
The oklob plant spits acid at you. The splash of acid hits you!!
You start resting.
You are no longer corroded.
You start resting.
HP restored.
Okay, then.
The oklob plant spits acid at you. The splash of acid hits you!
The acid corrodes you!
You start resting.
You are no longer corroded.
You start resting.
HP restored.
The oklob plant spits acid at you. The splash of acid hits you!!
The oklob plant spits acid at you. The splash of acid hits you.
The acid corrodes you! The oklob plant spits acid at you.
The splash of acid hits you but does no damage.
The acid corrodes you! The oklob plant spits acid at you.
The splash of acid hits you!! The oklob plant spits acid at you.
The splash of acid hits you. The acid corrodes you!
You see here a +2 kite shield of cold resistance.
C - a +2 kite shield of cold resistance The oklob plant spits acid at you.
The splash of acid hits you! The acid corrodes you!
The oklob plant spits acid at you. The splash of acid hits you!
* * * LOW HITPOINT WARNING * * *
The acid corrodes you! The oklob plant spits acid at you.
The splash of acid hits you but does no damage.
The oklob plant spits acid at you. The splash of acid hits you!
You die...

####### #(./P)# #).:P.#
#.P(.$# ### #.$..P#
#.###########
#.$...###..#.#.P.P#.#
##.....#.............#
#......@###.#.####...###
##.......###### #P.....
###....## ##P#.## ##.###
##### ..# .#.# ..... ##
## .. ##. #######..


You could see 4 oklob plants.

Vanquished Creatures
  2 hydras
  An ogre mage (D:11)
  4 two-headed ogres
  4 death yaks
  An ugly thing (D:11)
  2 manticores (D:11)
  2 cyclopes
  2 black mambas
  A merfolk siren (Lair:3)
  An unseen horror (D:11)
  7 cane toads
  3 komodo dragons
  11 rime drakes
  2 polar bears
  3 trolls
  6 blink frogs
  2 shadows
  7 wraiths
  8 wyverns
  32 yaks
  4 basilisks
  A redback (Lair:2)
  3 vampire mosquitoes (D:11)
  8 steam dragons
  6 water moccasins
  5 acid dragons
  An orc warrior (D:8)
  A black bear (Lair:1)
  An ice beast (D:7)
  3 ogres
  8 wolves
  3 centaurs
  A phantom (D:6)
  5 kobold brigands
  8 bullfrogs
  An elf zombie (Ossuary)
  A gnoll sergeant (D:10)
  11 wights
  A scorpion (D:6)
  5 killer bees
  3 howler monkeys
  2 human zombies (Ossuary)
  Ijyb (D:5)
  2 hounds
  An iguana (D:5)
  4 orc priests
  A sleepcap (D:6)
  6 orc wizards
  2 hound zombies (Ossuary)
  5 mummies
  5 adders
  11 gnolls
  4 white imps
  3 ufetubi
  An adder zombie (Ossuary)
  3 worms
  5 dart slugs
  26 orcs
  2 bats
  6 endoplasms
  2 giant cockroaches (D:3)
  A gnoll zombie (Ossuary)
  9 goblins
  7 hobgoblins
  4 jackals (D:2)
  25 kobolds
  3 quokkas
  8 ball pythons
  3 frilled lizards
  A goblin zombie (Ossuary)
  2 hobgoblin zombies (Ossuary)
  A jackal zombie (Ossuary)
  5 rats
  A rat zombie (Ossuary)
343 creatures vanquished.

Vanquished Creatures (others)
  A shadow (D:10)
1 creature vanquished.

Grand Total: 344 creatures vanquished

Notes
Turn   | Place    | Note
-------+----------+-------------------------------------------
     0 | D:1      | AdnanSaban the Gargoyle Fighter began the quest for the
                  | Orb.
     0 | D:1      | Reached XP level 1. HP: 14/14 MP: 1/1
   180 | D:1      | Reached XP level 2. HP: 19/19 MP: 2/2
   187 | D:1      | Found Eliple's Weapon Boutique.
   692 | D:2      | Reached XP level 3. HP: 23/23 MP: 3/3
   692 | D:2      | Found a faded altar of an unknown god.
  1046 | D:2      | Reached skill level 4 in Armour
  1588 | D:3      | Reached XP level 4. HP: 28/28 MP: 4/4
  1807 | D:3      | Reached XP level 5. HP: 33/33 MP: 5/5
  1849 | D:3      | Reached skill level 1 in Dodging
  2254 | D:4      | Found a hide-covered altar of Uskayaw.
  2259 | D:4      | Found a broken altar of Ashenzari.
  2262 | D:4      | Found a glowing golden altar of the Shining One.
  2265 | D:4      | Found an opulent altar of Gozag.
  2539 | D:4      | Reached XP level 6. HP: 33/38 MP: 6/6
  2892 | D:4      | Found a stormy altar of Qazlal.
  3168 | D:5      | Entered Level 5 of the Dungeon
  3179 | D:5      | Found a staircase to the Ecumenical Temple.
  3233 | D:5      | Noticed Ijyb
  3246 | D:5      | Killed Ijyb
  3319 | D:5      | Reached XP level 7. HP: 24/43 MP: 7/7
  3425 | D:5      | Reached skill level 5 in Armour
  3548 | D:5      | Reached skill level 5 in Maces & Flails
  4082 | D:5      | Reached skill level 1 in Stealth
  4123 | Temple   | Entered the Ecumenical Temple
  4148 | Temple   | Became a worshipper of Warmaster Okawaru
  4194 | D:5      | Reached XP level 8. HP: 41/48 MP: 8/8
  4394 | D:6      | Reached skill level 6 in Armour
  4498 | D:6      | Found Damiotos's Gadget Gallery.
  4522 | D:6      | Noticed a wyvern
  4535 | D:6      | Killed a wyvern
  4536 | D:6      | Reached skill level 5 in Shields
  4661 | D:6      | Reached skill level 5 in Fighting
  4778 | D:6      | Reached * piety under Okawaru
  4939 | D:6      | Reached skill level 7 in Armour
  5127 | D:7      | Found a sand-covered staircase.
  5274 | Ossuary  | Entered an ossuary
  5334 | Ossuary  | Reached XP level 9. HP: 33/54 MP: 9/9
  5872 | D:7      | Reached skill level 1 in Throwing
  5898 | D:7      | Reached ** piety under Okawaru
  6206 | D:7      | Reached skill level 8 in Armour
  6342 | D:7      | Found a white marble altar of Elyvilon.
  6686 | D:7      | Found Aguc's Book Shoppe.
  6824 | D:8      | Found a staircase to the Lair.
  6971 | D:8      | Reached XP level 10. HP: 60/60 MP: 10/10
  7043 | D:8      | Reached *** piety under Okawaru
  7197 | D:8      | Noticed a two-headed ogre
  7829 | D:8      | Killed a two-headed ogre
  8042 | D:8      | Reached skill level 9 in Armour
  8182 | D:8      | HP: 2/61 [yak (11)]
  8209 | D:8      | Reached skill level 10 in Maces & Flails
  8422 | D:8      | Reached **** piety under Okawaru
  8944 | D:9      | Noticed a cyclops
  8967 | D:9      | Killed a cyclops
  8967 | D:9      | Received a gift from Okawaru
  9204 | D:9      | Reached skill level 10 in Armour
  9291 | D:9      | Reached XP level 11. HP: 47/67 MP: 11/11
  9429 | D:9      | Noticed a two-headed ogre
  9466 | D:9      | Killed a two-headed ogre
  9466 | D:9      | Reached ***** piety under Okawaru
 10078 | D:10     | Entered Level 10 of the Dungeon
 10100 | D:10     | Noticed a two-headed ogre
 10255 | D:10     | Identified the +6 dagger of the Brain {pain, Will+ SInv}
 10582 | D:10     | Killed a two-headed ogre
 10583 | D:10     | Reached skill level 1 in Invocations
 10931 | D:10     | Found a runed translucent door.
 10995 | D:10     | Noticed a manticore
 11134 | D:10     | Reached skill level 11 in Armour
 11723 | D:10     | Noticed a deep elf archer
 11723 | D:10     | Noticed an ogre mage
 11909 | D:11     | Noticed a two-headed ogre
 11935 | D:10     | Killed a two-headed ogre
 12562 | D:11     | Received a gift from Okawaru
 12603 | D:11     | Identified the +3 dagger of Xacwoleck {drain, rC- rCorr
                  | Dex+2}
 12642 | D:11     | Noticed a manticore
 12706 | D:11     | Killed a manticore
 12824 | D:11     | Noticed a manticore
 12852 | D:11     | Killed a manticore
 12940 | D:11     | Noticed an ogre mage
 12966 | D:11     | Killed an ogre mage
 13146 | D:11     | Noticed a purple ugly thing
 13188 | D:11     | Killed a purple ugly thing
 13195 | D:11     | Reached XP level 12. HP: 38/74 MP: 14/14
 13754 | D:12     | Found a staircase to the Orcish Mines.
 14173 | Lair:1   | Entered Level 1 of the Lair of Beasts
 14586 | Lair:1   | Reached skill level 12 in Armour
 14590 | Lair:1   | Reached skill level 5 in Invocations
 15928 | Lair:2   | Identified the +0 hat "Donoycuaq" {Will+} (Okawaru gifted
                  | it to you on level 2 of the Lair of Beasts)
 15928 | Lair:2   | Received a gift from Okawaru
 16065 | Lair:2   | Noticed an eight-headed hydra
 16082 | Lair:2   | Killed an eight-headed hydra
 17018 | Lair:2   | Found the +4 robe of Folly {Brill Will-∞ Int+8}
 17113 | Lair:2   | Reached XP level 13. HP: 17/80 MP: 18/18
 17680 | Lair:2   | Found a hole to the Spider Nest.
 17792 | Lair:2   | Reached skill level 13 in Armour
 18427 | Lair:3   | Received a gift from Okawaru
 18448 | Lair:3   | Reached ****** piety under Okawaru
 18707 | Lair:3   | Identified the +3 plate armour of Xizakur {Dex+3} (Okawaru
                  | gifted it to you on level 3 of the Lair of Beasts)
 18707 | Lair:3   | Received a gift from Okawaru
 20044 | Lair:3   | Killed from afar by an oklob plant

Illustrated notes

Levels and vault maps discovered:
D:1:      ncdulo_lavacross, layout_loops_cross, serial_shops, shop,
          ebering_dispersal_statue_hall
D:2:      layout_basic, shapermc_ecumenical_altar_rom_forum,
          minmay_tree_intersection, kennysheep_generic_room_9
D:3:      wander_river, layout_loops_cross, mrwooster_statue_mirror
D:4:      layout_loops_ring, nicolae_overflow_hallway_of_the_gods
D:5:      layout_loops_ring, temple_pool_b, uniq_ijyb
D:6:      layout_loops_cross, nicolae_shop_gadgets
D:7:      layout_basic, elyvilon_altar_3, serial_shops,
          nicolae_shop_rolling_square, gup_ossuary_entry_pyramid, st_stairs_6
D:8:      layout_loops_ring, lair_entry_dummy
D:9:      minmay_chambers_of_sevens, layout_stronghold, enter_bailey_2
D:10:     layout_loops_corners, st_stairs_4, minivault_13
D:11:     kennysheep_blocky_room, layout_basic
D:12:     layout_roguey [special_room_bee], orc_0_dummy, uniq_jorgrun
Temple:   lightli_temple_of_artemis
Lair:1:   layout_regular_city, chequers_serial_rivers_micro_d
Lair:2:   layout_chaotic_city, spider_nest_entry_funnel_web,
          bobbens_dragon_lair_wall
Lair:3:   minmay_lair_oklob_chamber, layout_loops_ring,
          minmay_shoals_entry_lonely_mermaid, serial_bayou_shore_b,
          grunt_megastairs_5

Skill      XL: |  1  2  3  4  5  6  7  8  9 10 11 12 13 |
---------------+----------------------------------------+-----
Armour         | 4 5 7 8 10 11 12 13 | 13.7
Maces & Flails | 3 4 5 6 8 10 11 12 | 12.6
Dodging        | 1 2 |  2.5
Shields        | 4 5 6 7 8 9 |  9.1
Fighting       | 4 5 6 7 8 9 |  9.8
Stealth        | 1 |  1.7
Throwing       | 2 3 4 |  4.9
Invocations    | 3 6 7 |  7.9

Action                     |  1- 3 |  4- 6 |  7- 9 | 10-12 | 13-15 || total
---------------------------+-------+-------+-------+-------+-------++-------
  Melee: Flail             |    37 |       |       |       |       ||    37
         Whip              |    74 |   209 |   539 |  1282 |   482 ||  2586
  Throw: Dart              |       |       |     3 |    71 |    17 ||    91
         Boomerang         |       |       |    20 |     4 |       ||    24
 Invoke: Heroism           |       |       |       |     1 |       ||     1
 Armour: Scale mail        |    48 |     9 |       |       |       ||    57
         Chain mail        |       |   112 |    57 |       |       ||   169
         Plate armour      |       |       |   332 |   625 |   211 ||  1168
  Dodge: Dodged            |    45 |   100 |   184 |   276 |   120 ||   725
  Block: Buckler           |    21 |    34 |   138 |   198 |    67 ||   458

Table legend: (Time is in decaauts)
 A = Elapsed time spent in this place.
 B = Non-inter-level travel time spent in this place.
 C = Inter-level travel time spent in this place.
 D = Time resting spent in this place.
 E = Time spent auto-exploring this place.
 F = Levels seen in this place.
 G = Mean time per level.
                   A        B        C        D        E       F      G
               +--------+--------+--------+--------+--------+-----+--------+
         Total |  19237 |  17853 |   1384 |   1302 |  12997 |  17 | 1131.6 |
       Dungeon |  13639 |  12541 |   1098 |    910 |   9180 |  12 | 1136.6 |
        Temple |     39 |     26 |     13 |      0 |      7 |   1 |   39.0 |
          Lair |   5098 |   4825 |    273 |    392 |   3531 |   3 | 1699.3 |
       Ossuary |    460 |    460 |      0 |      0 |    279 |   1 |  460.0 |
               +--------+--------+--------+--------+--------+-----+--------+

Top non-repeatable levels by time:
  Lair:2: 2593 daAuts
     D:8: 1914 daAuts
    D:10: 1830 daAuts
    D:11: 1672 daAuts
     D:9: 1577 daAuts
  Lair:3: 1332 daAuts
     D:7: 1175 daAuts
  Lair:1: 1172 daAuts
     D:5: 1106 daAuts
     D:2: 910 daAuts
     D:6: 880 daAuts
     D:4: 802 daAuts
     D:3: 787 daAuts
     D:1: 685 daAuts
 Ossuary: 460 daAuts
